 Dungeon Crawl Stone Soup version 0.28.0-1-gb440e238dd (webtiles) character file.

Game seed: 6570534710371132839

131 issech the Cudgeller (level 4, 0/45 HPs)
             Began as a Troll Monk on Feb 24, 2022.
             Slain by a gnoll (12 damage)
             ... on level 3 of the Dungeon.
             The game lasted 00:06:23 (2427 turns).

issech the Cudgeller (Troll Monk)                   Turns: 2427, Time: 00:06:24

Health: 0/45       AC:  4    Str: 19    XL:     4   Next: 91%
Magic:  3/3        EV: 10    Int:  6    God:
Gold:   66         SH:  0    Dex: 14    Spells: 3/3 levels left

rFire   + . .      SeeInvis .   a - +0 mace
rCold   + . .      Faith    .   (no shield)
rNeg    . . .      Spirit   .   b - +0 robe
rPois   .          Reflect  .   (helmet restricted)
rElec   .          Harm     .   (no cloak)
rCorr   .          Rampage  .   (gloves unavailable)
Will    .....                   (boots unavailable)
Stlth   ++........              (no amulet)
HPRegen 0.95/turn               g - ring of protection from fire
MPRegen 0.08/turn               i - ring of protection from cold

@: no status effects
A: large, unfitting armour, claws 3, regeneration 1, shaggy fur 1, tough skin 1
a: no special abilities


You were on level 3 of the Dungeon.
You visited 1 branch of the dungeon, and saw 3 of its levels.

You collected 66 gold pieces.

Inventory:

Hand Weapons
 a - a +0 mace (weapon)
 e - a +2 dagger of venom
 k - a +0 demon trident of pain
 n - a +6 dagger
Missiles
 h - 63 stones (quivered)
Armour
 b - a +0 robe (worn)
Jewellery
 g - a ring of protection from fire (left claw)
 i - a ring of protection from cold (right claw)
Scrolls
 c - 2 scrolls of holy word {unknown}
 d - 2 scrolls of enchant armour {unknown}
 f - a scroll of magic mapping {unknown}
 j - 2 scrolls of teleportation {unknown}
 m - 2 scrolls of enchant weapon {unknown}
 o - 2 scrolls of identify {unknown}
Potions
 l - a potion of lignification {unknown}
 p - a potion of heal wounds {unknown}


   Skills:
 + Level 3.1 Fighting
 + Level 3.8 Maces & Flails
 + Level 3.1 Dodging
 + Level 1.2 Stealth


You had 3 spell levels left.
You didn't know any spells.
Your spell library contained the following spells:

 Spells                   Type           Power      Damage    Failure   Level
 Sublimation of Blood     Necr           0%         N/A       58%         2
 Wereblood                Tmut           0%         N/A       58%         2
 Summon Hydra             Summ           0%         N/A       100%        7


Dungeon Overview and Level Annotations

Branches:
Dungeon (3/15)

Altars:

Annotations:
D:3 1 runed translucent door, axecop's ghost, amateur HOWn


Innate Abilities, Weirdness & Mutations

You are too large for most types of armour.
You have claws for hands.
Your natural rate of healing is unusually fast.
You are covered in fur. (AC +1)
You have tough skin. (AC +1)


Message History

You hit the gnoll.
The gnoll is lightly wounded.
The gnoll closely misses you.
You barely miss the gnoll.
The gnoll is lightly wounded.
The gnoll misses you.
You closely miss the gnoll.
The gnoll is lightly wounded.
The gnoll closely misses you.
You hit the gnoll but do no damage.
The gnoll is lightly wounded.
The gnoll hits you with a +0 flail!
You hit the gnoll.
The gnoll is moderately wounded.
The gnoll barely misses you. The gnoll closely misses you.
You hit the gnoll.
The gnoll is heavily wounded.
The gnoll closely misses you.
You barely miss the gnoll.
The gnoll is heavily wounded.
The gnoll hits you with a +0 flail.
You hit the gnoll.
The gnoll is severely wounded.
The gnoll hits you with a +0 flail!
You sock the gnoll!
You kill the gnoll!
You sock the gnoll!
The gnoll is heavily wounded.
The gnoll closely misses you.
The gnoll hits you with a +1 whip of electrocution.
You hit the gnoll.
The gnoll is almost dead.
The gnoll hits you with a +1 whip of electrocution.
You are electrocuted!
You closely miss the gnoll.
The gnoll is almost dead.
The gnoll hits you with a +1 whip of electrocution.
* * * LOW HITPOINT WARNING * * *
You are electrocuted!
You die...

..........#.#.# #....
..........#.#.# #....
..........#.#.# #...#
..........#.#.#
#≈r≈#...#
..........#.#.#
#≈?≈##.##
###.......#.#.#
#≈Ww##.## #.#.......#.#
#≈≈≈#.... #.#########.#
#≈≈B#.... #....g@)....#
#≈≈≈#....
#.##############+##....
#......... #.........
##########


You could see a gnoll.

Vanquished Creatures
  4 gnolls
  2 adders (D:2)
  A worm (D:3)
  2 orcs (D:3)
  6 bats
  3 endoplasms (D:3)
  A giant cockroach (D:1)
  7 goblins
  6 hobgoblins
  14 jackals
  3 kobolds
  6 quokkas
  2 ball pythons
  2 frilled lizards (D:1)
  4 rats
63 creatures vanquished.

Vanquished Creatures (others)
  2 plants (D:1)
  8 withered plants (D:1)
10 creatures vanquished.

Grand Total: 73 creatures vanquished

Notes
Turn   | Place    | Note
-------+----------+-------------------------------------------
     0 | D:1      | issech the Troll Monk began the quest for the Orb.
     0 | D:1      | Reached XP level 1. HP: 22/22 MP: 0/0
   170 | D:1      | Reached XP level 2. HP: 28/29 MP: 1/1
   330 | D:1      | Reached XP level 3. HP: 36/36 MP: 2/2
   345 | D:1      | Found a faded altar of an unknown god.
  1208 | D:2      | Reached XP level 4. HP: 37/45 MP: 3/3
  1714 | D:3      | Found a runed translucent door.
  1716 | D:3      | Noticed axecop's ghost (amateur HOWn)
  2427 | D:3      | Slain by a gnoll

Illustrated notes

Levels and vault maps discovered:
D:1:      amcnicky_arrival_abandoned_market, layout_basic,
          shapermc_ecumenical_altar_flowoftime
D:2:      layout_loops_ring
D:3:      layout_basic, ebering_ghost_sewer_f, serial_corexii_hall,
          chequers_hall_statues_y, corexii_hall_statues_s, st_stairs_7

Skill      XL: |  1  2  3 |
---------------+----------+-----
Maces & Flails | 3 |  3.8
Dodging        | 3 |  3.1
Fighting       | 3 |  3.1
Stealth        | |  1.2

Action                   |  1- 3 |  4- 6 || total
-------------------------+-------+-------++-------
Melee: Mace              |   153 |    91 ||   244
       Punch             |     1 |     1 ||     2
 Stab: Sleeping          |     2 |     2 ||     4
Armor: Robe              |    98 |    32 ||   130
Dodge: Dodged            |   143 |    50 ||   193
